 Dungeon Crawl Stone Soup version 0.28-a0-1199-gef9e1dbd39 (webtiles) character file.

Game seed: 11762398179834399353

392 fragbeetle the Poker (level 6, -3/49 HPs)
             Began as a Merfolk Gladiator on Dec 19, 2021.
             Slain by a gnoll (6 damage)
             ... on level 6 of the Dungeon.
             The game lasted 00:08:49 (4094 turns).

fragbeetle the Poker (Merfolk Gladiator)            Turns: 4094, Time: 00:08:50

Health: -3/49      AC:  7    Str: 15    XL:     6   Next: 80%
Magic:  6/6        EV: 13    Int: 15    God:
Gold:   205        SH:  0    Dex: 15    Spells: 5/5 levels left

rFire   . . .      SeeInvis .   a - +0 trident
rCold   . . .      Faith    .   (no shield)
rNeg    . . .      Spirit   .   o - +0 ring mail
rPois   .          Reflect  .   c - +0 helmet
rElec   .          Harm     .   h - +0 cloak
rCorr   .          Rampage  .   (no gloves)
Will    .....                   (no boots)
Stlth   +.........              (no amulet)
HPRegen 0.16/turn               u - +6 ring of intelligence
MPRegen 0.10/turn               (no ring)

@: no status effects
A: (nimble swimmer 2), mertail
a: no special abilities


You were on level 6 of the Dungeon.
You visited 1 branch of the dungeon, and saw 6 of its levels.

You collected 205 gold pieces.

Inventory:

Hand Weapons
 a - a +0 trident (weapon)
 b - a +0 hunting sling
Missiles
 d - 3 throwing nets (quivered)
 f - 101 stones
 q - 2 poisoned darts
Armour
 c - a +0 helmet (worn)
 h - a +0 cloak (worn)
 j - a +0 leather armour
 o - a +0 ring mail (worn)
Magical Staves
 s - a staff of conjuration
Jewellery
 k - a ring of protection from cold
 u - a +6 ring of intelligence (left hand)
Scrolls
 e - a scroll of noise {unknown}
 g - a scroll of teleportation {unknown}
 i - a scroll of blinking {unknown}
 l - a scroll of vulnerability {unknown}
 n - 2 scrolls of identify {unknown}
 v - a scroll of enchant weapon {unknown}
Potions
 p - a potion of lignification {unknown}
 r - a potion of ambrosia {unknown}
 t - a potion of flight {unknown}
 w - a potion of brilliance {unknown}
 x - a potion of magic {unknown}
 z - 2 potions of cancellation {unknown}


   Skills:
 + Level 4.3 Fighting
 + Level 6.7 Polearms
 - Level 2.0 Throwing
 + Level 1.7 Armour
 + Level 6.1 Dodging


You had 5 spell levels left.
You didn't know any spells.
Your spell library contained the following spells:

 Spells                   Type           Power      Damage    Failure   Level
 Passwall                 Tmut/Erth      0%         N/A       61%         2
 Swiftness                Air            0%         N/A       83%         3


Dungeon Overview and Level Annotations

Branches:
Dungeon (6/15)
 Temple: D:4-7

Altars:

Annotations:
D:5 Sigmund


Innate Abilities, Weirdness & Mutations

((You are quick and stealthy near water. (Stealth+, EV+, Speed+++)))
Your lower body shifts to a powerful aquatic tail in water.


Message History

The gnoll sergeant barely misses you.
You hit the gnoll sergeant.
The gnoll sergeant is heavily wounded.
The gnoll sergeant closely misses you.
You hit the gnoll sergeant.
The gnoll sergeant is severely wounded.
The gnoll sergeant closely misses you.
You hit the gnoll sergeant but do no damage.
The gnoll sergeant is severely wounded.
The gnoll sergeant closely misses you.
You barely miss the gnoll sergeant.
The gnoll sergeant is severely wounded.
The gnoll sergeant closely misses you.
You hit the gnoll sergeant.
The gnoll sergeant is almost dead.
The gnoll sergeant misses you.
You hit the gnoll sergeant.
The gnoll sergeant is almost dead.
The gnoll sergeant closely misses you.
You hit the gnoll sergeant but do no damage.
The gnoll sergeant is almost dead.
The gnoll sergeant closely misses you.
You hit the gnoll sergeant.
The gnoll sergeant is almost dead.
The gnoll sergeant hits you with a +0 trident!
You closely miss the gnoll sergeant.
The gnoll sergeant is almost dead.
The gnoll sergeant hits you with a +0 trident!
You hit the gnoll sergeant but do no damage.
The gnoll sergeant is almost dead.
The gnoll sergeant hits you with a +0 trident!
* * * LOW HITPOINT WARNING * * *
You hit the gnoll sergeant.
You kill the gnoll sergeant!
You hit the gnoll.
The gnoll is moderately wounded.
The gnoll hits you with a +0 club.
* * * LOW HITPOINT WARNING * * *
The gnoll hits you from afar with a +0 halberd.
You die...

...######.†<#
............#
............#
............# ######
.......g....# #....#
............# #.##g#
#...........# #)#g.#
#...........#######.#.##
.....####.......@gg.#.#
###.## ##########g...#
...# #.#### #.### #.. #.
...# # ....# ##.#.# ..
.# .. .#


You could see 3 gnolls.

Vanquished Creatures
  An ogre (D:4)
  2 gnoll sergeants (D:6)
  A scorpion (D:5)
  A centaur zombie (D:6)
  3 adders
  5 dart slugs
  4 orcs
  3 endoplasms
  2 giant cockroaches
  7 goblins
  2 hobgoblins
  6 jackals (D:1)
  A quokka (D:2)
  3 ball pythons
  4 bats
  9 kobolds
  7 rats
61 creatures vanquished.

Vanquished Creatures (others)
  8 plants (D:6)
8 creatures vanquished.

Grand Total: 69 creatures vanquished

Notes
Turn   | Place    | Note
-------+----------+-------------------------------------------
     0 | D:1      | fragbeetle the Merfolk Gladiator began the quest for the
                  | Orb.
     0 | D:1      | Reached XP level 1. HP: 16/16 MP: 1/1
    65 | D:1      | Reached XP level 2. HP: 19/23 MP: 2/2
   899 | D:2      | Reached skill level 5 in Polearms
   923 | D:2      | Found a faded altar of an unknown god.
   986 | D:2      | Reached XP level 3. HP: 28/28 MP: 3/3
  1550 | D:2      | Reached XP level 4. HP: 35/35 MP: 4/4
  1761 | D:2      | Reached skill level 5 in Dodging
  2908 | D:4      | Noticed an ogre
  2926 | D:4      | Killed an ogre
  2927 | D:4      | Reached XP level 5. HP: 42/42 MP: 5/5
  2988 | D:4      | Reached skill level 1 in Armour
  3075 | D:4      | Noticed an ogre
  3638 | D:5      | Entered Level 5 of the Dungeon
  3695 | D:5      | Reached XP level 6. HP: 27/48 MP: 6/6
  3882 | D:5      | Noticed Sigmund
  4094 | D:6      | Slain by a gnoll

Illustrated notes

Levels and vault maps discovered:
D:1:      dpeg_arrival_long_road, layout_loops_ring, serial_glass,
          glass_columns_c, glass_columns_c, minmay_crystal_water
D:2:      layout_loops_cross, shapermc_ecumenical_altar_venn,
          chequers_serial_rivers_micro_c, kennysheep_generic_room_4
D:3:      layout_basic, hex_tiny
D:4:      layout_basic, zin_treasury, uniq_edmund
D:5:      layout_basic, lemuel_mausoleum_altar_kikubaaqudgha, serial_shops,
          shop, uniq_sigmund, uniq_prince_ribbit1
D:6:      layout_basic, nicolae_vehumet_altar_sigil, nicolae_grassy_gnolls

Skill      XL: |  1  2  3  4  5  6 |
---------------+-------------------+-----
Polearms       | 5 6 |  6.7
Fighting       | 3 4 |  4.3
Dodging        | 5 6 |  6.1
Armour         | 1 |  1.7
Throwing       | |  2.0

Action                   |  1- 3 |  4- 6 || total
-------------------------+-------+-------++-------
Melee: Trident           |    96 |   110 ||   206
Throw: Dart              |       |    14 ||    14
  Use: Potion            |       |     2 ||     2
Armor: Leather armour    |    26 |       ||    26
       Ring mail         |       |    31 ||    31
Dodge: Dodged            |    66 |    82 ||   148

Table legend: (Time is in decaauts)
 A = Elapsed time spent in this place.
 B = Non-inter-level travel time spent in this place.
 C = Inter-level travel time spent in this place.
 D = Time resting spent in this place.
 E = Time spent auto-exploring this place.
 F = Levels seen in this place.
 G = Mean time per level.
                   A        B        C        D        E       F      G
               +--------+--------+--------+--------+--------+-----+--------+
         Total |   4089 |   3928 |    161 |    728 |   1981 |   6 |  681.5 |
       Dungeon |   4089 |   3928 |    161 |    728 |   1981 |   6 |  681.5 |
               +--------+--------+--------+--------+--------+-----+--------+

Top non-repeatable levels by time:
     D:2: 1160 daAuts
     D:3: 1140 daAuts
     D:1: 863 daAuts
     D:4: 471 daAuts
     D:5: 258 daAuts
     D:6: 195 daAuts
